[Event "Chessable Masters - Torneo preliminare"]
[White "Sevian, Samuel"]
[Black "Bluebaum, Matthias"]
[WhiteFideId "2040506"]
[BlackFideId "24651516"]
[WhiteElo "2582"]
[BlackElo "2601"]
[Result "1-0"]
[Round "5"]
[TimeControl "600+2"]
[Date "2023.03.13"]
[WhiteClock "0:00:53"]
[BlackClock "0:00:05"]

1. c4 e6 2. Nc3 d5 3. d4 Bb4 4. cxd5 exd5 5. Bf4 c5 6. e3 c4 7. Nf3 Nc6 8. Be2 Nf6 9. O-O O-O 10. Nd2 Bf5 11. Bg5 Bxc3 12. bxc3 h6 13. Bh4 Qd6 14. f3 g5 15. Bg3 Qa3 16. e4 dxe4 17. fxe4 Nxe4 18. Nxc4 Qxc3 19. Rxf5 Nxg3 20. hxg3 Nxd4 21. Rf1 Rad8 22. Kh2 Rfe8 23. Bd3 Ne2 24. Rf3 Rxd3 25. Rxd3 Qxc4 26. Rd8 Rxd8 27. Qxd8+ Kg7 28. Rf1 Qc3 29. Qd6 b5 30. Rf2 Qd4 31. Qxd4+ Nxd4 32. Rd2 Nc6 33. Rc2 Nd4 34. Rc5 a6 35. Rd5 Ne6 36. Rd6 Nc5 37. Rc6 Na4 38. Rxa6 Nc3 39. a3 Nb1 40. Kg1 f6 41. Kf2 Kg6 42. Ke3 Nc3 43. Kd3 Na4 44. Ra5 Nc5+ 45. Ke3 Nb7 46. Rxb5 Nd6 47. Rb4 h5 48. a4 h4 49. gxh4 gxh4 50. a5 Nf5+ 51. Kf2 Kg5 52. Rb5 Kg4 53. Rxf5 h3 54. gxh3+ Kh4 55. Kf3 Kxh3 56. Rh5# 1-0


[Site "Internet"]

[Event "Chessable Masters - Torneo preliminare"]
[White "Vachier-Lagrave, Maxime"]
[Black "Oparin, Grigoriy"]
[WhiteFideId "623539"]
[BlackFideId "24125890"]
[WhiteElo "2762"]
[BlackElo "2650"]
[Result "1-0"]
[Round "5"]
[TimeControl "600+2"]
[Date "2023.03.13"]
[WhiteClock "0:03:46"]
[BlackClock "0:04:26"]

1. e4 e5 2. Nf3 Nc6 3. Bb5 a6 4. Ba4 Nf6 5. O-O Nxe4 6. d4 b5 7. Bb3 d5 8. dxe5 Be6 9. c3 Be7 10. Bc2 O-O 11. Nbd2 f5 12. exf6 Nxf6 13. Re1 Bg4 14. a4 b4 15. h3 Bh5 16. Nf1 Bc5 17. Be3 Bxe3 18. Rxe3 bxc3 19. bxc3 d4 20. cxd4 Bxf3 21. Rxf3 Nxd4 22. Rc3 Qd6 23. Rc1 Rad8 24. Ne3 Qf4 25. Qf1 Nxc2 26. R1xc2 Qxa4 27. Rxc7 Nd5 28. Nxd5 Rxd5 29. Qe2 Qa1+ 30. Rc1 Qf6 31. Ra7 Re5 32. Qa2+ Qe6 33. Rcc7 Re1+ 34. Kh2 Kh8 35. Qxe6 Rxe6 36. Rxg7 Rh6 37. Rgd7 Kg8 38. f3 Re8 39. g4 1-0


[Site "Internet"]

[Event "Chessable Masters - Torneo preliminare"]
[White "Firouzja, Alireza"]
[Black "Alekseenko, Kirill"]
[WhiteFideId "12573981"]
[BlackFideId "4135539"]
[WhiteElo "2745"]
[BlackElo "2632"]
[Result "1-0"]
[Round "5"]
[TimeControl "600+2"]
[Date "2023.03.13"]
[WhiteClock "0:03:39"]
[BlackClock "0:00:03"]

1. e4 e5 2. Nf3 Nc6 3. Bb5 a6 4. Ba4 Nf6 5. O-O Be7 6. d3 b5 7. Bb3 d6 8. c3 O-O 9. h3 Na5 10. Bc2 c5 11. d4 Qc7 12. d5 Nc4 13. a4 Nb6 14. b3 Bd7 15. Be3 bxa4 16. bxa4 Nc4 17. Bc1 Rfb8 18. Qe2 Na5 19. Nbd2 Be8 20. Ra2 Nd7 21. Re1 Nb6 22. Nf1 c4 23. Ne3 Nb3 24. a5 Na4 25. Bd2 Rc8 26. Ra3 Rab8 27. Nxc4 Nxc3 28. Bxc3 Qxc4 29. Qxc4 Rxc4 30. Re3 Nd4 31. Bd3 Nxf3+ 32. Rxf3 Ra4 33. Rxa4 Bxa4 34. Bxa6 Rb1+ 35. Kh2 Bd1 36. Re3 Bg5 37. Re1 Rb3 38. Rxd1 Rxc3 39. Ra1 Bd8 40. Bb7 Rc7 41. a6 1-0


[Site "Internet"]

[Event "Chessable Masters - Torneo preliminare"]
[White "Paravyan, David"]
[Black "Salem, A.R. Saleh"]
[WhiteFideId "4194985"]
[BlackFideId "9301348"]
[WhiteElo "2598"]
[BlackElo "2654"]
[Result "0-1"]
[Round "5"]
[TimeControl "600+2"]
[Date "2023.03.13"]
[WhiteClock "0:00:06"]
[BlackClock "0:00:14"]

1. e4 e5 2. Nf3 Nc6 3. Bb5 a6 4. Ba4 Nf6 5. O-O Be7 6. Re1 b5 7. Bb3 O-O 8. h3 Bb7 9. d3 d6 10. a3 Nb8 11. Ba2 Nbd7 12. Be3 d5 13. exd5 Nxd5 14. Bd2 Kh8 15. Nc3 Nxc3 16. Bxc3 f6 17. Ba5 Bd6 18. c4 bxc4 19. Bxc4 Nb6 20. Be6 Rb8 21. Bxb6 cxb6 22. Bf5 Bxf3 23. Qxf3 g6 24. Be6 a5 25. d4 exd4 26. Bc4 Be5 27. Bd3 Rc8 28. g3 Qd7 29. Kg2 Kg7 30. h4 h5 31. Rac1 Rxc1 32. Rxc1 Rd8 33. Rc6 f5 34. Rxb6 Rb8 35. Rxb8 Bxb8 36. Qa8 Bc7 37. Qb7 Qd6 38. f4 Qb6 39. Qd5 Qxb2+ 40. Kh3 Qxa3 41. Qd7+ Kh6 42. Qc8 Qe7 43. Qh8+ Qh7 44. Qxd4 Qg7 45. Qc5 Bd8 46. Bc4 Qe7 47. Qd4 Qf6 48. Qd7 Be7 49. Bd5 Qd6 50. Qe8 Qf6 51. Qa8 Bb4 52. Qb7 Qa1 53. Bg2 Qg7 54. Qa8 Qc3 55. Bf3 Qa1 56. Qb8 Bc3 57. Qf8+ Bg7 58. Qd6 a4 59. Bd5 a3 60. Qa6 Qd1 61. Qa5 Qf1+ 62. Bg2 Qd3 63. Bd5 Qd1 64. Bg2 Qb3 65. Bd5 Qd3 66. Bg2 Qe3 67. Bd5 Bf6 68. Qa6 Qd4 69. Bg2 Qb2 70. Bd5 Qd4 71. Bg2 Qc3 72. Bd5 Bg7 73. Bf7 Qf6 74. Qxf6 Bxf6 75. Kg2 Kg7 76. Bb3 Bc3 77. Kf3 Be1 78. Kg2 Kf6 79. Kf3 Ke7 80. Kg2 Kd6 81. Kf3 Kc5 82. Bf7 Kd4 83. Kg2 Kc3 0-1


[Site "Internet"]

[Event "Chessable Masters - Torneo preliminare"]
[White "Dubov, Daniil"]
[Black "Antipov, Mikhail Al."]
[WhiteFideId "24126055"]
[BlackFideId "4107012"]
[WhiteElo "2727"]
[BlackElo "2593"]
[Result "1/2-1/2"]
[Round "5"]
[TimeControl "600+2"]
[Date "2023.03.13"]
[WhiteClock "0:00:44"]
[BlackClock "0:02:03"]

1. d4 Nf6 2. c4 e6 3. Nc3 Bb4 4. e3 c5 5. Bd3 Nc6 6. Ne2 O-O 7. O-O cxd4 8. exd4 d5 9. cxd5 Nxd5 10. Qc2 Nf6 11. a3 Be7 12. Rd1 h6 13. Bf4 Re8 14. Rac1 Bf8 15. Be5 Bd7 16. Ng3 Ng4 17. Bf4 Qh4 18. Nf1 Rac8 19. Bg3 Qd8 20. Qe2 Nf6 21. Bb1 Ne7 22. Ne3 Nf5 23. Be5 g6 24. Ng4 Nxg4 25. Qxg4 h5 26. Qh3 Bh6 27. Ne4 Rxc1 28. Rxc1 Bxc1 29. Nf6+ Kf8 30. Nh7+ Kg8 31. Nf6+ Kf8 32. Nh7+ Kg8 33. Nf6+ 1/2-1/2


[Site "Internet"]

[Event "Chessable Masters - Torneo preliminare"]
[White "Mitrabha, Guha"]
[Black "Le, Tuan Minh"]
[WhiteFideId "5057000"]
[BlackFideId "12401153"]
[WhiteElo "2401"]
[BlackElo "2489"]
[Result "0-1"]
[Round "5"]
[TimeControl "600+2"]
[Date "2023.03.13"]
[WhiteClock "0:04:35"]
[BlackClock "0:01:32"]

1. c4 c6 2. d4 d5 3. cxd5 cxd5 4. Nc3 Nf6 5. Bf4 Nc6 6. Nf3 a6 7. Rc1 Bf5 8. e3 e6 9. Be2 Bd6 10. Bxd6 Qxd6 11. O-O O-O 12. Na4 Rac8 13. Nc5 Rc7 14. a3 Bg4 15. b4 Bxf3 16. Bxf3 Rfc8 17. Qd2 Ne7 18. h3 g6 19. Qb2 h5 20. Be2 Kg7 21. Bd3 h4 22. Rc2 Nf5 23. Rfc1 Qe7 24. Bxf5 exf5 25. Qb3 f4 26. exf4 b6 27. Nd3 Rxc2 28. Rxc2 Rxc2 29. Qxc2 Qe4 30. Qc3 Qe2 31. Ne5 Ne4 32. Qe3 Qd1+ 33. Kh2 Nd2 34. Qd3 Qc1 35. g4 hxg3+ 36. Kxg3 Qg1+ 37. Kh4 Ne4 38. Qe3 Nd6 0-1


[Site "Internet"]

[Event "Chessable Masters - Torneo preliminare"]
[White "Sarana, Alexey"]
[Black "Terry, Renato"]
[WhiteFideId "24133795"]
[BlackFideId "3803457"]
[WhiteElo "2643"]
[BlackElo "2472"]
[Result "0-1"]
[Round "5"]
[TimeControl "600+2"]
[Date "2023.03.13"]
[WhiteClock "0:05:37"]
[BlackClock "0:00:15"]

1. c4 e5 2. Nf3 Nc6 3. g3 g6 4. Nc3 Bg7 5. Bg2 d6 6. Rb1 Be6 7. d3 h6 8. b4 Qd7 9. b5 Nd8 10. e4 Bh3 11. O-O Bxg2 12. Kxg2 Ne7 13. Nd5 Ne6 14. Be3 c6 15. bxc6 bxc6 16. Nxe7 Qxe7 17. Qa4 Qd7 18. Rb4 O-O 19. Rfb1 Rfc8 20. Rb7 Rc7 21. Rb8+ Rxb8 22. Rxb8+ Kh7 23. h3 d5 24. cxd5 cxd5 25. Qxd7 Rxd7 26. Rb5 d4 27. Bd2 f6 28. Bb4 Bf8 29. Bxf8 Nxf8 30. Nd2 Rc7 31. Ra5 Ne6 32. Nb3 Kg7 33. Ra6 Kf7 34. Kf1 g5 35. Ke2 h5 36. Kd2 h4 37. Ke2 g4 38. hxg4 hxg3 39. Kf1 gxf2 40. Kxf2 Nf4 41. g5 Nh3+ 42. Ke2 Nxg5 43. Na5 Rc2+ 44. Kd1 Rxa2 45. Rxa7+ Kg6 46. Nc6 Rxa7 47. Nxa7 Ne6 48. Nc6 Kg5 49. Ne7 Nf4 50. Kd2 Ng6 51. Nd5 Nh4 52. Ne7 Kh6 53. Nd5 Kg7 54. Ke2 Kf7 55. Kd2 Ng6 56. Nc7 Ke7 57. Nd5+ Ke6 58. Nc7+ Kf7 59. Nd5 Ne7 60. Nc7 Nc8 61. Ke2 Nd6 62. Kf3 Nb7 63. Nd5 Nc5 64. Ke2 Ke6 65. Nc7+ Kd6 66. Ne8+ Ke7 67. Nc7 Na4 68. Nd5+ Ke6 69. Nc7+ Kd6 70. Ne8+ Ke7 71. Ng7 Nc5 72. Nf5+ Kd7 73. Ng7 Ne6 74. Nh5 Ke7 75. Ng3 Ng7 76. Kf3 Kf7 77. Nf1 Kg6 78. Nd2 Ne6 79. Nb3 Kg5 80. Ke2 Kg4 81. Na5 Kf4 82. Nc6 Ng5 83. Ne7 Ne6 84. Nd5+ Kg5 85. Kd2 Nf4 86. Ne7 Nh5 87. Ke2 Kg4 88. Ng8 Kf4 89. Kf2 Kg4 90. Ke2 Kg3 91. Nh6 Kf4 92. Kf2 Kg5 93. Nf7+ Kg6 94. Nd6 Nf4 95. Nf5 Nxd3+ 96. Kf3 Nc5 97. Ne7+ Kf7 98. Nd5 Ke6 99. Nc7+ Kd6 100. Ne8+ Ke7 101. Nc7 Nb7 102. Nd5+ Kf7 103. Kg4 Nd6 104. Kf3 Kg6 105. Nc7 f5 106. exf5+ Kxf5 107. Nd5 e4+ 108. Ke2 Nc4 109. Nb4 Kf4 110. Nd5+ Ke5 111. Nb4 Kd6 112. Kf2 d3 113. Na2 Ke5 114. Nc3 Kd4 115. Nb5+ Kc5 116. Nc3 e3+ 117. Kf3 Kb4 118. Nd1 Kb3 119. Ke4 e2 0-1


[Site "Internet"]

[Event "Chessable Masters - Torneo preliminare"]
[White "Kramnik, Vladimir"]
[Black "Kamsky, Gata"]
[WhiteFideId "4101588"]
[BlackFideId "2000024"]
[WhiteElo "2756"]
[BlackElo "2630"]
[Result "1-0"]
[Round "5"]
[TimeControl "600+2"]
[Date "2023.03.13"]
[WhiteClock "0:03:41"]
[BlackClock "0:00:47"]

1. c4 Nf6 2. Nc3 g6 3. e4 d6 4. d4 Bg7 5. Be2 e5 6. Nf3 O-O 7. O-O Nc6 8. d5 Ne7 9. b4 Ne8 10. c5 h6 11. a4 a5 12. Ba3 f5 13. Nd2 axb4 14. Bxb4 Rf7 15. Nc4 fxe4 16. cxd6 cxd6 17. Nxe4 Nf5 18. a5 Bf8 19. Nb6 Rb8 20. Bc3 Bd7 21. Rb1 Bg7 22. Bg4 Nc7 23. Qd3 Be8 24. Rfc1 Na6 25. Nc4 Bf8 26. Rb6 Bd7 27. Nexd6 Qg5 28. Bd2 Qxg4 29. Nxf7 Nh4 30. Qg3 Qh5 31. Nfxe5 Bf5 32. Ne3 1-0


[Site "Internet"]

[Event "Chessable Masters - Torneo preliminare"]
[White "Van Foreest, Jorden"]
[Black "Fressinet, Laurent"]
[WhiteFideId "1039784"]
[BlackFideId "608742"]
[WhiteElo "2682"]
[BlackElo "2689"]
[Result "1-0"]
[Round "5"]
[TimeControl "600+2"]
[Date "2023.03.13"]
[WhiteClock "0:04:03"]
[BlackClock "0:00:17"]

1. e4 e5 2. Nf3 Nc6 3. Bc4 Nf6 4. d3 Bc5 5. Nc3 d6 6. Na4 Bb6 7. c3 Be6 8. Bxe6 fxe6 9. O-O O-O 10. b4 Qe8 11. b5 Nd8 12. Nxb6 axb6 13. a4 Nf7 14. c4 Qd7 15. Bb2 Nh8 16. Qe2 Qf7 17. Ra3 Qh5 18. Bc1 Nd7 19. Be3 Ng6 20. Nd4 Qxe2 21. Nxe2 Nc5 22. Bxc5 dxc5 23. g3 Rfd8 24. Rfa1 Ne7 25. Kf1 Nc8 26. Ng1 Nd6 27. a5 bxa5 28. Rxa5 Rxa5 29. Rxa5 b6 30. Ra7 Rc8 31. Ke2 Kf8 32. f4 exf4 33. gxf4 Ke7 34. Nf3 Nf7 35. Ke3 Kd7 36. h4 Rh8 37. Ra1 g6 38. Rg1 Ke7 39. Ra1 Kd7 40. Nh2 Nh6 41. Kf3 Rf8 42. Kg3 Ke7 43. Nf3 Nf7 44. Ra3 Rd8 45. Kf2 Rf8 46. Ke3 Kd7 47. Ra7 Rh8 48. d4 cxd4+ 49. Kxd4 Kd6 50. e5+ Kd7 51. c5 bxc5+ 52. Kxc5 Rb8 53. Nd2 Nd8 54. Ne4 Rb7 55. Nf6+ Ke7 56. Rxb7 Nxb7+ 57. Kc6 1-0


[Site "Internet"]

[Event "Chessable Masters - Torneo preliminare"]
[White "Drygalov, Sergey"]
[Black "Wei, Yi"]
[WhiteFideId "24171743"]
[BlackFideId "8603405"]
[WhiteElo "2461"]
[BlackElo "2716"]
[Result "0-1"]
[Round "5"]
[TimeControl "600+2"]
[Date "2023.03.13"]
[WhiteClock "0:00:07"]
[BlackClock "0:00:52"]

1. d4 Nf6 2. c4 e6 3. Nf3 d5 4. Nc3 c6 5. e3 Nbd7 6. Qc2 Bd6 7. Bd3 O-O 8. O-O dxc4 9. Bxc4 a6 10. Rd1 c5 11. dxc5 Bxc5 12. Bd3 Qe7 13. a3 b5 14. b4 Bb6 15. Ne4 Bb7 16. Nxf6+ Nxf6 17. Bb2 Rac8 18. Qe2 Rfd8 19. Ne5 Ne4 20. Rac1 f6 21. Nf3 e5 22. Rxc8 Rxc8 23. h3 Nxf2 24. Kxf2 e4 25. Bb1 exf3 26. gxf3 Kf8 27. Kg2 f5 28. Qd3 Qg5+ 29. Kf2 f4 30. Qd6+ Kg8 31. Qe6+ Kh8 32. Qxb6 Qg3+ 33. Kf1 Qxf3+ 34. Ke1 Qg3+ 35. Kd2 Bf3 36. Rc1 Qf2+ 37. Kd3 Qe2+ 38. Kd4 Qxe3# 0-1


[Site "Internet"]

[Event "Chessable Masters - Torneo preliminare"]
[White "Chigaev, Maksim"]
[Black "Yu, Yangyi"]
[WhiteFideId "4108116"]
[BlackFideId "8603820"]
[WhiteElo "2568"]
[BlackElo "2734"]
[Result "1-0"]
[Round "5"]
[TimeControl "600+2"]
[Date "2023.03.13"]
[WhiteClock "0:00:28"]
[BlackClock "0:00:07"]

1. e4 d6 2. d4 Nf6 3. Nc3 e5 4. Nf3 Nbd7 5. Rg1 Be7 6. g4 h6 7. Be3 c6 8. h4 Qa5 9. Qd2 exd4 10. Nxd4 Ne5 11. Be2 Nexg4 12. O-O-O Bd7 13. Kb1 Nxe3 14. Qxe3 g6 15. f4 h5 16. Rg5 Qb6 17. e5 Nd5 18. Nxd5 cxd5 19. e6 fxe6 20. Rxg6 O-O-O 21. Qc3+ Qc5 22. Qg3 Rde8 23. Nxe6 Bxe6 24. Rxe6 Bd8 25. Rxe8 Rxe8 26. Bxh5 Rf8 27. Bg4+ Kb8 28. h5 Qb4 29. Rf1 Bf6 30. Qb3 Qe4 31. Bf3 Qc4 32. Rh1 Qxb3 33. axb3 d4 34. Be4 Re8 35. Bd3 Rf8 36. h6 Bh8 37. Rg1 Kc7 38. h7 Kd7 39. Rg8 Ke7 40. Be4 b6 41. Kc1 Bf6 42. Kd2 a5 43. Kd3 Kf7 44. Bd5+ Ke7 45. f5 Be5 46. Be6 b5 47. Bd5 Rxf5 48. Bc6 Rh5 49. Be4 Rh3+ 50. Kd2 Rh2+ 51. Ke1 d5 52. Bd3 a4 53. bxa4 bxa4 54. Ra8 Rh1+ 55. Kf2 Rh2+ 56. Kf3 Rh3+ 57. Kg4 Rh1 58. Rxa4 Kd6 59. Ra6+ Kc5 60. Re6 Bh8 61. Re8 Bg7 62. Kg5 Kd6 63. Kg6 Be5 64. Rxe5 Kxe5 65. Kg7 Rg1+ 66. Bg6 1-0


[Site "Internet"]

[Event "Chessable Masters - Torneo preliminare"]
[White "Petrov, Nikita"]
[Black "Mamedyarov, Shakhriyar"]
[WhiteFideId "4101286"]
[BlackFideId "13401319"]
[WhiteElo "2514"]
[BlackElo "2703"]
[Result "1/2-1/2"]
[Round "5"]
[TimeControl "600+2"]
[Date "2023.03.13"]
[WhiteClock "0:01:24"]
[BlackClock "0:03:47"]

1. d4 d5 2. Nf3 c5 3. c4 cxd4 4. cxd5 Qxd5 5. Nc3 Qa5 6. Nxd4 Nf6 7. a3 g6 8. Nb5 Bd7 9. b4 Qd8 10. Bf4 Na6 11. e3 Bg7 12. Be2 O-O 13. O-O Bxb5 14. Bxb5 Nh5 15. Rc1 Nxf4 16. exf4 Nc7 17. Bc4 Rc8 18. Qf3 Bxc3 19. Rxc3 e6 20. Rd3 Qf6 21. Qxb7 Qxf4 22. Bb3 Rb8 23. Qxa7 Ra8 24. Qc5 Rxa3 25. Rf3 Na6 26. Qxf8+ Kxf8 27. Rxf4 Rxb3 28. g3 Nxb4 29. Rd1 Nd5 30. Rfd4 Kg7 1/2-1/2


[Site "Internet"]

[Event "Chessable Masters - Torneo preliminare"]
[White "Pantsulaia, Levan"]
[Black "Bortnyk, Olexandr"]
[WhiteFideId "13602071"]
[BlackFideId "14120828"]
[WhiteElo "2533"]
[BlackElo "2643"]
[Result "1-0"]
[Round "5"]
[TimeControl "600+2"]
[Date "2023.03.13"]
[WhiteClock "0:03:05"]
[BlackClock "0:00:50"]

1. Nf3 Nf6 2. c4 d6 3. Nc3 g6 4. g3 Bg7 5. Bg2 O-O 6. O-O e5 7. d3 Bd7 8. Rb1 a5 9. a3 a4 10. Bg5 Qc8 11. c5 Bc6 12. cxd6 cxd6 13. Bxf6 Bxf6 14. e4 Nd7 15. d4 Nb6 16. Rc1 Qg4 17. h3 Qh5 18. Qd3 Rfc8 19. Rfd1 Bd7 20. Nb5 exd4 21. Nxd6 Rxc1 22. Rxc1 Bxh3 23. Bxh3 Qxh3 24. Qb5 Nd7 25. Rc7 Nf8 26. Nxf7 Qe6 27. N3g5 Qb3 28. Nh6+ Kh8 29. Qc5 1-0


[Site "Internet"]

[Event "Chessable Masters - Torneo preliminare"]
[White "Keymer, Vincent"]
[Black "Tari, Aryan"]
[WhiteFideId "12940690"]
[BlackFideId "1510045"]
[WhiteElo "2630"]
[BlackElo "2539"]
[Result "1-0"]
[Round "5"]
[TimeControl "600+2"]
[Date "2023.03.13"]
[WhiteClock "0:00:18"]
[BlackClock "0:00:05"]

1. Nf3 Nf6 2. c4 c5 3. Nc3 e6 4. g3 d5 5. cxd5 exd5 6. d4 Nc6 7. a3 cxd4 8. Nxd4 Bc5 9. Be3 Bb6 10. Na4 O-O 11. Nxb6 axb6 12. Bg2 Re8 13. O-O Ne4 14. Rc1 Na5 15. Nb5 Nc6 16. Bf4 Re7 17. b4 Bf5 18. Nc7 Rxc7 19. Bxc7 Qxc7 20. Qxd5 Qe5 21. Qxe5 Nxe5 22. g4 Nxg4 23. f3 Ne5 24. fxe4 Bd7 25. Rc3 h5 26. Rd1 f6 27. Bh3 Bc6 28. Be6+ Kh7 29. Bd5 b5 30. Kf2 Re8 31. h3 Kh6 32. Ke3 Bd7 33. Kd4 b6 34. Rg1 g5 35. Rc7 Bxh3 36. Rb7 Kg6 37. Rxb6 Bg4 38. Rxb5 Bxe2 39. Rb7 h4 40. Ke3 Bf3 41. Rc1 h3 42. Rcc7 Kh5 43. Rh7+ Kg4 44. Kf2 Rc8 45. Be6+ Kf4 46. Bxc8 Bxe4 47. Bxh3 g4 48. Bg2 1-0


[Site "Internet"]

[Event "Chessable Masters - Torneo preliminare"]
[White "Makarian, Rudik"]
[Black "Dreev, Aleksey"]
[WhiteFideId "44105681"]
[BlackFideId "4100107"]
[WhiteElo "2462"]
[BlackElo "2557"]
[Result "0-1"]
[Round "5"]
[TimeControl "600+2"]
[Date "2023.03.13"]
[WhiteClock "0:00:10"]
[BlackClock "0:01:26"]

1. d4 d5 2. c4 c6 3. Nf3 Nf6 4. Nc3 e6 5. g3 dxc4 6. Bg2 Nbd7 7. O-O Bb4 8. Bg5 O-O 9. Nd2 Nb6 10. e3 h6 11. Bxf6 Qxf6 12. Qe2 e5 13. Nxc4 exd4 14. Ne4 Qe7 15. exd4 Nxc4 16. Qxc4 Be6 17. Qd3 Rad8 18. Rfd1 Bg4 19. Rdc1 Bf5 20. a3 Ba5 21. Qe3 Rfe8 22. Nc5 Qxe3 23. fxe3 Bd2 24. Rf1 Bxe3+ 25. Kh1 Bc8 26. b4 Bxd4 27. Rab1 Bxc5 28. bxc5 Re5 29. Rbe1 Rxc5 30. Re7 Rf8 31. h4 Rc3 32. Kh2 Rxa3 33. Bf3 a5 34. g4 g6 35. h5 g5 36. Be2 Be6 37. Rf2 Ra2 38. Kg3 b5 39. Kf3 b4 40. Ke4 Bxg4 41. Rexf7 0-1


[Site "Internet"]

[Event "Chessable Masters - Torneo preliminare"]
[White "Vokhidov, Shamsiddin"]
[Black "Kevlishvili, Robby"]
[WhiteFideId "14204223"]
[BlackFideId "1040634"]
[WhiteElo "2514"]
[BlackElo "2577"]
[Result "1/2-1/2"]
[Round "5"]
[TimeControl "600+2"]
[Date "2023.03.13"]
[WhiteClock "0:00:33"]
[BlackClock "0:00:56"]

1. e4 c5 2. Nf3 d6 3. Bb5+ Nd7 4. a4 a6 5. Be2 Ngf6 6. Nc3 g6 7. d4 cxd4 8. Nxd4 Bg7 9. O-O O-O 10. Be3 Nc5 11. f3 Bd7 12. a5 Rc8 13. Qd2 e5 14. Nb3 Nxb3 15. cxb3 Be6 16. b4 d5 17. Bb6 Qd7 18. exd5 Nxd5 19. Nxd5 Qxd5 20. Qxd5 Bxd5 21. b5 axb5 22. Bxb5 e4 23. Rad1 Bc4 24. Bxc4 Rxc4 25. Rd7 Bxb2 26. fxe4 Rxe4 27. Rxb7 Ra4 28. Rf3 Be5 29. g3 Ra2 30. Rf2 Ra1+ 31. Kg2 f6 32. Rd2 Rf7 33. Rdd7 Rxd7 34. Rxd7 Ra2+ 35. Kf3 Bc3 36. Ra7 Bxa5 37. Bxa5 Rxh2 38. Bd8 Rh5 39. g4 Rh3+ 40. Kg2 Rh4 41. Kg3 g5 42. Bxf6 h5 43. gxh5 Rxh5 44. Kg4 Rh1 45. Kf5 Rh7 46. Ra8+ Kf7 47. Bxg5 Rh1 48. Ra7+ Ke8 49. Bf6 Rb1 50. Kg6 Rg1+ 51. Bg5 Re1 52. Bf4 Re6+ 53. Kf5 Re7 54. Ra8+ Kd7 55. Be5 Kc6 56. Ke4 Rh7 57. Ra6+ Kb5 58. Rf6 Rh4+ 59. Kd5 Rh5 60. Rf1 Ka5 61. Rb1 Rg5 62. Kd4 Ka6 63. Bd6 Rb5 64. Rf1 Kb7 65. Bc5 Rb2 66. Kd5 Rd2+ 67. Bd4 Kc7 68. Rf7+ Kd8 69. Rg7 Rd1 70. Ke5 Kc8 71. Rf7 Rd2 72. Rh7 Rd1 73. Kd5 Kd8 74. Kc5 Ke8 75. Be5 Rd7 76. Rh6 Kf7 77. Bd6 Kg7 78. Rh2 Ra7 79. Kd5 Kf6 80. Be5+ Kf5 81. Rf2+ Kg5 82. Bd4 Ra4 83. Ke4 Kg4 84. Rg2+ Kh4 85. Rg1 Rb4 86. Ke5 Kh3 87. Rg7 Ra4 88. Ke4 Rb4 89. Kf3 Rxd4 90. Rh7+ Rh4 91. Rxh4+ Kxh4 1/2-1/2


[Site "Internet"]

[Event "Chessable Masters - Torneo preliminare"]
[White "Tabatabaei, M. Amin"]
[Black "Matamoros Franco, Carlos S."]
[WhiteFideId "12521213"]
[BlackFideId "3600017"]
[WhiteElo "2558"]
[BlackElo "2407"]
[Result "1-0"]
[Round "5"]
[TimeControl "600+2"]
[Date "2023.03.13"]
[WhiteClock "0:05:04"]
[BlackClock "0:05:19"]

1. d4 Nf6 2. c4 c5 3. d5 g6 4. Nc3 Bg7 5. e4 d6 6. Nf3 O-O 7. Be2 e6 8. O-O Re8 9. h3 Na6 10. Bd3 Nc7 11. Re1 exd5 12. exd5 Rxe1+ 13. Qxe1 b5 14. cxb5 Bb7 15. Bg5 h6 16. Bxf6 Bxf6 17. Bc4 Bxc3 18. bxc3 Nxd5 19. Qe4 Qe8 20. Qd3 Nf4 21. Qxd6 Qe4 22. Bxf7+ Kxf7 23. Re1 1-0


[Site "Internet"]

[Event "Chessable Masters - Torneo preliminare"]
[White "Aditya, Mittal"]
[Black "Mareco, Sandro"]
[WhiteFideId "35042025"]
[BlackFideId "112275"]
[WhiteElo "2386"]
[BlackElo "2541"]
[Result "1/2-1/2"]
[Round "5"]
[TimeControl "600+2"]
[Date "2023.03.13"]
[WhiteClock "0:01:47"]
[BlackClock "0:03:29"]

1. d4 Nf6 2. c4 e6 3. Nf3 d5 4. Nc3 Bb4 5. Qa4+ Nc6 6. e3 O-O 7. Qc2 Re8 8. Bd2 Bf8 9. Be2 b6 10. cxd5 exd5 11. a3 Ne7 12. b4 Bf5 13. Bd3 Bxd3 14. Qxd3 Ng6 15. O-O c6 16. Rfc1 Qd7 17. Ne2 Ne4 18. Ng3 Bd6 19. Rc2 Re6 20. Rac1 Ne7 21. Be1 b5 22. Nd2 Bxg3 23. hxg3 Nf5 24. Nb3 Rg6 25. Na5 Ne7 26. f3 Ng5 27. g4 h5 28. f4 Ne4 29. gxh5 Rh6 30. Qe2 Re8 31. g4 f5 32. g5 Re6 33. Bh4 Nd6 34. Nb3 Ne4 35. Nc5 Nxc5 36. bxc5 Nc8 37. Bf2 a5 38. Rb1 a4 39. Kg2 Qe7 40. Qf3 Qf7 41. Rcb2 Re4 42. Rh1 Ne7 43. Be1 Qe6 44. Bd2 Kh8 45. Kf2 Kg8 46. Rh3 Kh8 47. Ba5 Rc8 48. Rb1 Ng8 49. Rbh1 Qd7 50. Bb4 Rce8 51. Qd1 Qe7 52. Qd2 Qd7 53. Rg3 Qe7 1/2-1/2


[Site "Internet"]

[Event "Chessable Masters - Torneo preliminare"]
[White "Fier, Alexandr"]
[Black "Smirnov, Pavel"]
[WhiteFideId "2107139"]
[BlackFideId "4123425"]
[WhiteElo "2504"]
[BlackElo "2470"]
[Result "1/2-1/2"]
[Round "5"]
[TimeControl "600+2"]
[Date "2023.03.13"]
[WhiteClock "0:09:43"]
[BlackClock "0:09:36"]

1. e4 e5 2. Nf3 Nc6 3. Bc4 Nf6 4. d3 Bc5 5. Bg5 h6 6. Bh4 Be7 7. Bg3 d6 8. a4 O-O 9. h3 Kh8 10. Nc3 Nh7 11. O-O f5 12. exf5 Bxf5 13. Nd5 Nf6 14. Re1 Nxd5 15. Bxd5 Qd7 1/2-1/2


[Site "Internet"]

[Event "Chessable Masters - Torneo preliminare"]
[White "Darini, Pouria"]
[Black "Pichot, Alan"]
[WhiteFideId "12502200"]
[BlackFideId "110973"]
[WhiteElo "2573"]
[BlackElo "2549"]
[Result "0-1"]
[Round "5"]
[TimeControl "600+2"]
[Date "2023.03.13"]
[WhiteClock "0:00:22"]
[BlackClock "0:00:48"]

1. e4 e5 2. Nf3 Nc6 3. Bb5 a6 4. Ba4 Nf6 5. d3 d6 6. c3 g6 7. O-O Bg7 8. Re1 O-O 9. Nbd2 b5 10. Bc2 h6 11. a4 b4 12. a5 Rb8 13. Bb3 Nd7 14. Bc4 Nc5 15. Nb3 Nxb3 16. Bxb3 bxc3 17. bxc3 Be6 18. Bxe6 fxe6 19. Be3 Rb5 20. Nd2 Qd7 21. Qg4 Qf7 22. h4 d5 23. exd5 exd5 24. c4 dxc4 25. dxc4 Rb2 26. Ne4 Qf5 27. f3 Rc2 28. Rec1 Re2 29. Rc3 Qxg4 30. fxg4 Rf4 31. Bxf4 exf4 32. Rd1 Rxe4 33. Rcd3 Bd4+ 34. Kh2 Kf7 35. Rb1 Be5 36. Rd5 f3+ 37. Kh3 f2 38. Rf1 Re3+ 39. g3 Rxg3+ 40. Kh2 Rxg4+ 41. Kh3 Rg3+ 42. Kh2 Rc3+ 43. Kg2 Bd4 44. h5 Rxc4 45. hxg6+ Kxg6 46. Rd7 Ne5 47. Re7 Ng4 48. Re6+ Kf5 49. Rxa6 Ne3+ 50. Kxf2 Nxf1+ 51. Kxf1 c6 52. Ra8 Ke4 53. a6 Ra4 54. Ke2 Ra2+ 55. Kf1 h5 56. Re8+ Kd3 57. a7 Rxa7 58. Kg2 c5 59. Kh3 c4 60. Kh4 c3 61. Kxh5 c2 62. Kg6 0-1


[Site "Internet"]

[Event "Chessable Masters - Torneo preliminare"]
[White "Narayanan, Srinath"]
[Black "Iturrizaga Bonelli, Eduardo"]
[WhiteFideId "5018420"]
[BlackFideId "3901211"]
[WhiteElo "2482"]
[BlackElo "2654"]
[Result "0-1"]
[Round "5"]
[TimeControl "600+2"]
[Date "2023.03.13"]
[WhiteClock "0:00:04"]
[BlackClock "0:01:44"]

1. d4 Nf6 2. c4 e6 3. Nf3 b6 4. g3 Bb7 5. Bg2 c5 6. d5 exd5 7. Nh4 g6 8. cxd5 Bg7 9. O-O O-O 10. Nc3 d6 11. e4 Na6 12. Re1 Nd7 13. f4 Re8 14. Be3 Nc7 15. Qd2 b5 16. e5 Nb6 17. exd6 Qxd6 18. Ne4 Rxe4 19. Bxe4 Nc4 20. Qf2 Nxe3 21. Rxe3 Bd4 22. Nf3 Bxe3 23. Qxe3 Re8 24. Ne5 f6 25. Nd3 Na6 26. b4 c4 27. Nc5 Nxc5 28. bxc5 Qe7 29. c6 Bc8 30. Re1 f5 31. d6 Qxe4 32. d7 Rd8 33. Qxe4 fxe4 34. Rxe4 Bxd7 35. Rd4 Kf7 36. c7 Rc8 37. Rxd7+ Ke6 38. Rd1 Rxc7 39. Kf2 a5 40. Ke3 b4 41. g4 a4 42. Rf1 b3 43. f5+ gxf5 44. gxf5+ Kf6 45. axb3 cxb3 46. Kd2 0-1


[Site "Internet"]